Unix NetHack Version 5.0.0-0 post-release - last build May 31 2026 23:59:36 (970b52f25bf058293b47ddfd14a1e40e571c508c,branch:main).

Game began 2026-06-05 12:10:44, ended 2026-06-05 12:53:28.

FutureTim, lawful female human Valkyrie

               ---            #                           ---  ---
           -----.---         -..----  ---------------------.----.---
           |..|....|---------|.....    ............-|..............--
           |.......|.||.@....|....--------.....#....|..--...........|
         ---..---....--._....-...@|.%!|..|........{....-|...--......----
       ---...-- --....|      |....@.@%|..|..----.....#).|...|-----...|.--
      --.....--  |....--------..Ba----|..|..|..|..).....|...-    --.....|
      |.......|  |....................|-|-..|..|-|--...----..-------....|
      |......------...----.-.........--.....-|-|...|...|..|.............-----
     --.......|..--...|........................|(.!|..)-..|----------...<|..--
 -----................|.....%........{..------||(((|..)---- |       |........|
 |......-..........%..|........|.-....).|...|..|---|..))....|       |.......--
  -....................................(-.((|..|   |..))....|      ---......|
  |-..........................-|---|--..|.()|---   |..----- |      |...--...|
 --............--.......|---|-|..|...|).-----      |..|       ------.-----..|
 |............>|..-...|...|...|.)|?+?|.....        -..        |......|   ----
 --.....-....... **|..|...|...|..|?%.|.........    .^.|       |......|
  |..---- .-.-..|  .......-----------|................|       -----..|
  |.--    *  |..|  *--.###           ------------------           ----
  ---        ----      *0

FutureTim the Fighter       St:18 Dx:10 Co:18 In:12 Wi:8 Ch:8  Lawful
Dlvl:8  $:178 HP:0(64) Pw:15(15) AC:4  Xp:7 T:4596 

Latest messages:
 The soldier ant stings!
 You hit the soldier ant!
 The soldier ant bites!
 The soldier ant stings!
 You kill the soldier ant!
 In what direction? 4
 The door resists!
 In what direction? 4
 The dog blocks the way!
 In what direction? 4
 The dog blocks the way!
 In what direction? 4
 The dog blocks the way!
 In what direction? 4
 The door closes.
 You hear crashing rock.
 What do you want to use or apply? [aklqrtC-EIJ or ?*] k
 In what direction? 4
 Lock it? [ynq] (q) y
 You succeed in locking the door.
 You hear crashing rock.
 You hear crashing rock.
 You hear some noises.
 You hear crashing rock.
 You hear crashing rock.
 You hear some noises.
 You hear crashing rock.
 You hear crashing rock.
 You hear crashing rock.
 You hear crashing rock.
 This door is locked.
 Unlock it with your key? [ynq] (q) y
 You succeed in unlocking the door.
 The door opens.
 The Green-elf thrusts her elven spear.
 The Green-elf hits!
 The soldier ant bites!
 The soldier ant stings!
 The soldier ant bites!
 The soldier ant stings!
 You hit the soldier ant!
 The Green-elf thrusts her elven spear.
 The Green-elf hits!
 The soldier ant bites!
 The soldier ant misses!
 The soldier ant just misses!
 The soldier ant stings!
 You die...
 Baliga gratefully inherits all your possessions.
 Do you want to see what you had when you died? [ynq] (y) q

Inventory:
 Coins    ('$')
  $ - 178 gold pieces
 Amulets  ('"')
  n - an uncursed amulet of ESP
 Weapons  (')')
  s - 10 +0 shuriken
  b - a +0 dagger (at the ready)
  w - a +1 spear (weapon in left hand)
 Armor    ('[')
  v - a blessed +2 pair of jumping boots (being worn)
  c - an uncursed +3 small shield (being worn)
  z - a cursed -1 dwarvish cloak (being worn)
 Comestibles  ('%')
  h - 2 uncursed carrots
  d - an uncursed food ration
  K - 2 uncursed food rations
 Scrolls  ('?')
  G - an uncursed scroll of enchant armor
 Potions  ('!')
  H - an uncursed potion of oil
  A - an uncursed potion of speed
 Rings    ('=')
  o - an uncursed ring of levitation
  F - a cursed -1 ring of protection
 Wands    ('/')
  q - a wand of cold (0:4)
  C - a wand of digging (0:2)
  r - a wand of enlightenment (0:12)
 Tools    ('(')
  I - a bag of tricks (0:6)
  a - a magic harp (0:5)
  J - an uncursed bell
  l - an uncursed oil lamp
  E - an uncursed oil lamp
  k - an uncursed skeleton key
  D - an uncursed tallow candle
  t - an uncursed towel

FutureTim the Valkyrie's attributes:

Background:
 You were a Fighter, a level 7 human Valkyrie.
 You were lawful, on a mission for Tyr
 who was opposed by Odin (neutral) and Loki (chaotic).
 You were left-handed.
 You were in the Gnomish Mines, on level 8.
 You entered the dungeon 4596 turns ago.
 You had 920 experience points, 360 more were needed to attain level 8.

Basics:
 You had 0 out of 64 hit points.
 You had all 15 energy points (spell power).
 Your armor class was 4.
 Your wallet contained 178 zorkmids.
 Autopickup was off.

Final Characteristics:
 Your strength was 18 (limit:18/100).
 Your dexterity was 10 (limit:18).
 Your constitution was 18 (limit:18).
 Your intelligence was 12 (limit:18).
 Your wisdom was 8 (limit:18).
 Your charisma was 8 (limit:18).

Final Status:
 You weren't hungry.
 You were unencumbered.
 You were wielding a spear.
 You were skilled in spear and could have enhanced that.

Final Attributes:
 You were piously aligned.
 Your items were somewhat protected from fire.
 You were cold resistant.
 Your items were somewhat protected from cold.
 You were stealthy.
 You could jump.
 You were warded.
 You were fast.
 You are dead.

Miscellaneous:
 You didn't encounter any bones levels.
 Total elapsed playing time was 40 minutes and 22 seconds.

Major events:
 Turn
    1: FutureTim the lawful human Valkyrie entered the dungeon
  666: attained the rank of Skirmisher (level 3)
 1695: entered the Gnomish Mines
 2779: attained the rank of Fighter (level 6)
 4170: reached Mine Town
 4596: killed by a soldier ant

Spells:
 Name                 Level Category     Fail Retention
 light                  1   divination    68%  76%-100%

Skills:
 Fighting Skills
   bare handed combat [Unskilled]
   two weapon combat  [Unskilled]
   riding             [Unskilled]
 Weapon Skills
   dagger             [Basic]
   axe                [Unskilled]
   pick-axe           [Unskilled]
   short sword        [Unskilled]
   broadsword         [Unskilled]
   long sword         [Unskilled]
   two-handed sword   [Unskilled]
   saber              [Unskilled]
   hammer             [Unskilled]
   quarterstaff       [Unskilled]
   polearms           [Unskilled]
   spear              [Skilled]
   trident            [Unskilled]
   lance              [Unskilled]
   sling              [Unskilled]
 Spellcasting Skills
   attack spells      [Unskilled]
   escape spells      [Unskilled]

Voluntary challenges:
 Character rerolling was not enabled.
 You never genocided any monsters.
 You never polymorphed an object.
 You never changed form.
 You used no wishes.
Achievements:
 You entered a shop.
 You attained the rank of Skirmisher.
 You entered the Gnomish Mines.
 You attained the rank of Fighter.
 You entered Minetown.

 The Dungeons of Doom: levels 1 to 4
    Level 1:
    Level 2:
    Level 3:
       A potion shop, a fountain.
    Level 4:
       A general store, an altar to Tyr, a grave.
       Stairs down to The Gnomish Mines.
 The Gnomish Mines: levels 5 to 8
    Level 5:
    Level 6:
    Level 7:
    Level 8: <- You were here.
       Many shops, an altar to Tyr, some fountains, some trees.
       Final resting place for
          you, killed by a soldier ant.


Vanquished creatures:
  2 small mimics
  2 giant spiders
  a lizard
  2 gnome mummies
  a soldier ant
 an imp
 an orc shaman
  3 ponies
  a yellow light
 12 gnome leaders
  a gray ooze
  3 giant ants
  a little dog
  2 floating eyes
  5 dwarves
  2 homunculi
  2 kobold leaders
  a rothe
  2 rabid rats
  a giant bat
  a monkey
  2 orc zombies
  3 dwarf zombies
  a wererat
  3 iguanas
  a coyote
  a hobbit
  4 manes
  a large kobold
  a cave spider
  a yellow mold
 35 gnomes
  2 gnome zombies
  5 geckos
  2 jackals
  a fox
  a kobold
  2 goblins
  3 sewer rats
  4 grid bugs
  a bat
  3 lichens
  5 newts
129 creatures vanquished.

No species were genocided or became extinct.

Game over:
                       ----------
                      /          \
                     /    REST    \
                    /      IN      \
                   /     PEACE      \
                  /                  \
                  |    FutureTim     |
                  |       0 Au       |
                  |   killed by a    |
                  |   soldier ant    |
                  |                  |
                  |                  |
                  |       2026       |
                 *|     *  *  *      | *
        _________)/\\_//(\/(/\)/\//\/|_)_______

Farvel FutureTim the Valkyrie...

You died in The Gnomish Mines on dungeon level 8 with 4080 points,
and 0 pieces of gold, after 4596 moves.
You were level 7 with a maximum of 64 hit points when you died.

